 Dungeon Crawl Stone Soup version 0.32-a0-485-g70f7560 (webtiles) character file.

Game seed: 18080081509665396814

1322 Remcycle the Grappler (level 8, -1/74 HPs)
             Began as a Troll Monk on Feb 26, 2024.
             Was a Believer of Okawaru.
             Killed from afar by an electric eel (6 damage)
             ... with a bolt of electricity
             ... on level 4 of the Dungeon.
             The game lasted 00:06:13 (2682 turns).

Remcycle the Grappler (Troll Monk)                  Turns: 2682, Time: 00:06:14

Health: -1/74      AC: 10    Str: 22    XL:     8   Next: 33%
Magic:  7/7        EV: 10    Int:  6    God:    Okawaru [**....]
Gold:   172        SH:  0    Dex: 12    Spells: 7/7 levels left

rFire   + .          .
                       - Unarmed
rCold   + . .        d - orb {light}
rNeg    . . .        s - +2 robe {rC+ rF+}
rPois   .            (helmet restricted)
rElec   .            (no cloak)
rCorr   .            (gloves unavailable)
SInv    .            (boots unavailable)
Will    .....        (no amulet)
Stlth   +            i - +4 ring of protection
HPRegen 1.12/turn    (no ring)
MPRegen 0.10/turn

%: no passive effects
@: glowing
A: large, unfitting armour, claws 3, regeneration 1, shaggy fur 1, tough skin 1
a: Renounce Religion, Heroism


You were on level 4 of the Dungeon.
You worshipped Okawaru.
Okawaru was pleased with you.
You visited 1 branch of the dungeon, and saw 4 of its levels.

You collected 172 gold pieces.

Inventory:

Hand Weapons
 a - a +0 mace
Armour
 d - an orb of light (worn)
 s - a +2 robe of resistance (worn)
Jewellery
 i - a +4 ring of protection (left claw)
 r - an amulet of faith
Wands
 c - a wand of flame (46)
Scrolls
 b - a scroll of fear {unknown}
 e - a scroll of amnesia {unknown}
 f - 2 scrolls of blinking {unknown}
 h - 3 scrolls of teleportation {unknown}
 j - 2 scrolls of identify {unknown}
 k - a scroll of acquirement {unknown}
 l - 3 scrolls of enchant weapon {unknown}
 p - a scroll of silence {unknown}
 q - 2 scrolls of fog {unknown}
Potions
 g - a potion of curing
 m - a potion of enlightenment {unknown}
 n - a potion of berserk rage {unknown}
 o - a potion of brilliance {unknown}
 t - a potion of haste {unknown}


   Skills:
 - Level 2.4 Fighting
 - Level 2.6 Maces & Flails
 - Level 2.4 Dodging
 + Level 10.1 Unarmed Combat


You had 7 spell levels left.
You didn't know any spells.
Your spell library contained the following spells:

 Spells                   Type           Power      Damage    Failure   Level
 Blink                    Tloc           0%         N/A       58%         2
 Lesser Beckoning         Tloc           0%         N/A       58%         2
 Momentum Strike          Conj/Tloc      0%         3d8       58%         2


Dungeon Overview and Level Annotations

Branches:
Dungeon (4/15)
 Temple: D:4-7

Altars:
Gozag
Okawaru
Ru
Wu Jian

Annotations:
D:4 1 transporter


Innate Abilities, Weirdness & Mutations

You are too large for most types of armour.
You have claws for hands.
Your natural rate of healing is unusually fast.
You are covered in fur. (AC +1)
You have tough skin. (AC +1)


Message History

There is a transporter here.
You enter the transporter and appear at another place.
c - a wand of flame (46) (gained 20 charges)
You open the door.
The electric eel shoots out a bolt of lightning at you!
The bolt of electricity hits you! x2; The bolt of electricity hits the plant!
The plant begins to die.
The electric eel shoots out a bolt of lightning at you!
The bolt of electricity hits you. The bolt of electricity misses you.
The bolt of electricity hits the plant!
The plant begins to die.
There is an open door here.
The electric eel shoots out a bolt of lightning at you!
The bolt of electricity hits you.
The bolt of electricity hits the electric eel.
The electric eel completely resists.
The bolt of electricity hits the electric eel.
The electric eel completely resists.
The electric eel shoots out a bolt of lightning at you!
The bolt of electricity hits you!
The electric eel shoots out a bolt of lightning at you!
The bolt of electricity hits you!
The electric eel shoots out a bolt of lightning at you!
The bolt of electricity hits you!
* * * LOW HITPOINT WARNING * * *
It was a potion of curing.
You feel better.
The electric eel shoots out a bolt of lightning at you!
The bolt of electricity hits you.
A nearby plant withers and dies. x2
The electric eel shoots out a bolt of lightning at you!
The bolt of electricity hits you.
* * * LOW HITPOINT WARNING * * *
The electric eel shoots out a bolt of lightning at you!
The bolt of electricity hits you!
* * * LOW HITPOINT WARNING * * *
The electric eel shoots out a bolt of lightning at you!
The bolt of electricity hits you!
* * * LOW HITPOINT WARNING * * *
The electric eel shoots out a bolt of lightning at you!
The bolt of electricity hits you.
You die...

#.#.....##(.#.###########.#...#
#.#.....#...#............(#.#####
#.#.....#.#..............<#.#[[..
#.#.#####....................)).#
#.#........###############..###.#
#)#.####...#ßP#~~~~~S~#~ß#.......
.....###...#..#.......#..#...##.#
..........©#©!+...♣...'.©#©..##.#
..P..##....#..#.@.....#..#..###.#
...........#ßP#~~~S~~~#~ß#.####.#
...P.#.....###############.#....#
...P.#.....................#.####
#.#..#....##################.#...
.....#................# #.#.##
#.#..#........#######.# #.#.#
#.#............## #.# #.#.#
##..............## #.######.#.#


You could see 2 electric eels.

Vanquished Creatures
  Sigmund (D:4)
  The ghost of ooops the Insei, an amateur DsSh (D:4)
  A water moccasin (D:3)
  2 ogres (D:4)
  3 phantoms (D:4)
  A gnoll sergeant (D:4)
  A scorpion (D:4)
  A howler monkey (D:3)
  A bombardier beetle (D:4)
  A bullfrog zombie (D:4)
  A centaur zombie (D:4)
  A hound (D:4)
  An orc priest (D:3)
  An orc wizard (D:4)
  An iguana (D:4)
  A scorpion zombie (D:4)
  2 hound zombies (D:4)
  3 gnolls (D:4)
  4 adders
  2 adder zombies (D:4)
  An adder skeleton (D:4)
  A ribbon worm (D:3)
  5 orcs
  2 ball pythons
  3 endoplasms
  4 giant cockroaches
  A goblin (D:3)
  5 hobgoblins
  9 kobolds
  3 quokkas
  3 bats
  A frilled lizard (D:3)
  A jackal skeleton (D:4)
  A jackal zombie (D:4)
  3 rats
73 creatures vanquished.

Notes
Turn   | Place    | Note
-------+----------+-------------------------------------------
     0 | D:1      | Remcycle the Troll Monk began the quest for the Orb.
     0 | D:1      | Reached XP level 1. HP: 22/22 MP: 0/0
   113 | D:1      | You fall into a shaft and drop 1 floor!
   151 | D:2      | Reached skill level 1 in Unarmed Combat
   151 | D:2      | Reached XP level 2. HP: 16/29 MP: 1/1
   209 | D:1      | Reached skill level 2 in Unarmed Combat
   460 | D:2      | Reached XP level 3. HP: 36/36 MP: 2/2
   739 | D:3      | Reached skill level 3 in Unarmed Combat
  1058 | D:3      | Reached XP level 4. HP: 43/44 MP: 3/3
  1291 | D:3      | Reached skill level 4 in Unarmed Combat
  1475 | D:3      | Found an ornate altar of the Wu Jian Council.
  1581 | D:4      | Found a transporter.
  1598 | D:4      | Reached XP level 5. HP: 45/50 MP: 4/4
  1616 | D:4      | Found a transporter.
  1625 | D:4      | Reached skill level 5 in Unarmed Combat
  1693 | D:4      | Noticed an ogre
  1700 | D:4      | Killed an ogre
  1701 | D:4      | Reached skill level 6 in Unarmed Combat
  1701 | D:4      | Reached XP level 6. HP: 59/59 MP: 5/5
  1742 | D:4      | Reached skill level 7 in Unarmed Combat
  1746 | D:4      | Reached XP level 7. HP: 37/66 MP: 6/6
  1796 | D:4      | Found a large runed translucent door.
  1796 | D:4      | Found a large runed translucent door.
  1797 | D:4      | Noticed ooops's ghost (amateur DsSh)
  1877 | D:4      | Reached skill level 8 in Unarmed Combat
  1914 | D:4      | Found an opulent altar of Gozag.
  2035 | D:4      | Found a sacrificial altar of Ru.
  2035 | D:4      | Found an iron altar of Okawaru.
  2075 | D:4      | Became a worshipper of Warmaster Okawaru
  2075 | D:4      | Reached * piety under Okawaru
  2075 | D:4      | Reached ** piety under Okawaru
  2110 | D:4      | Noticed Sigmund
  2131 | D:3      | Reached skill level 9 in Unarmed Combat
  2187 | D:4      | Killed Sigmund
  2188 | D:4      | Reached XP level 8. HP: 61/74 MP: 7/7
  2610 | D:4      | Killed ooops's ghost
  2611 | D:4      | Reached skill level 10 in Unarmed Combat
  2682 | D:4      | Killed from afar by an electric eel

Illustrated notes

Levels and vault maps discovered:
D:1:      heliophobic_arrival_dark_side_of_the_moon, layout_basic,
          serial_park_tiny_2, minivault_26
D:2:      layout_rooms
D:3:      layout_basic, nicolae_wu_jian_immortal_techniques
D:4:      gammafunk_steamed_eel, layout_basic, mainiacjoe_overflow_paths,
          amethyst_overflow_temple_binary, serial_undead, serial_undead_a,
          serial_undead_b, serial_undead_d, serial_undead_e,
          ebering_ghost_disaster_area, uniq_sigmund

Skill      XL: |  1  2  3  4  5  6  7  8 |
---------------+-------------------------+-----
Unarmed Combat | 1 2 3 4 6 7 9 10 | 10.1
Fighting       | |  2.4
Maces & Flails | |  2.6
Dodging        | |  2.4

Action                     |  1- 3 |  4- 6 |  7- 9 || total
---------------------------+-------+-------+-------++-------
  Melee: Unarmed           |    54 |    75 |    78 ||   207
    Use: Potion            |       |       |     2 ||     2
 Armour: Robe              |    40 |    74 |    69 ||   183
  Dodge: Dodged            |    24 |    51 |    41 ||   116

Table legend: (Time is in decaauts)
 A = Elapsed time spent in this place.
 B = Non-inter-level travel time spent in this place.
 C = Inter-level travel time spent in this place.
 D = Time resting spent in this place.
 E = Time spent auto-exploring this place.
 F = Levels seen in this place.
 G = Mean time per level.
                   A        B        C        D        E       F      G
               +--------+--------+--------+--------+--------+-----+--------+
         Total |   2659 |   2498 |    161 |     42 |   2012 |   4 |  664.8 |
       Dungeon |   2659 |   2498 |    161 |     42 |   2012 |   4 |  664.8 |
               +--------+--------+--------+--------+--------+-----+--------+

Top non-repeatable levels by time:
     D:4: 1023 daAuts
     D:3: 917 daAuts
     D:2: 363 daAuts
     D:1: 354 daAuts
